[Event "3rd FIDE WCCC Rapid U08 2019"]
[Site "Minsk"]
[Date "2019.08.16"]
[Round "2.1"]
[White "Oybekov, Ozodbekjon"]
[Black "Rudenko, Taras"]
[Result "1/2-1/2"]
[ECO "D43"]
[WhiteElo "1078"]
[BlackElo "1676"]
[Annotator "NA"]
[PlyCount "136"]
[EventDate "2019.08.16"]
[EventType "swiss"]
[EventCountry "BLR"]
[SourceTitle "playchess.com"]
[Source "ChessBase"]
[SourceQuality "1"]
[TimeControl "600+5"]

1. d4 d5 2. c4 e6 3. Nc3 Nf6 4. Nf3 c6 5. Bf4 Bd6 6. Bxd6 Qxd6 7. e3 O-O 8. Be2 dxc4 9. Bxc4 Qb4 10. Qb3 a5 11. O-O b5 12. Bd3 Bb7 13. Qc2 h6 14. a3 Qe7 15. Rad1 Rd8 16. Rfe1 a4 17. e4 Na6 18. h3 Nc7 19. Rd2 Rd7 20. Red1 Rad8 21. Be2 Nfe8 22. Bf1 Nd6 23. e5 Nc8 24. Ne4 Na6 25. Be2 Nb6 26. g3 Nd5 27. Nd6 Rxd6 28. exd6 Qxd6 29. Ne5 Ne7 30. Qe4 Qc7 31. Bf3 Rd5 32. Qf4 Nf5 33. Bxd5 cxd5 34. g4 Nd6 35. Re2 Nc4 36. Rc1 Nb8 37. Qf3 Nc6 38. Nxc6 Bxc6 39. Kg2 e5 40. dxe5 d4 41. Re4 Nd2 42. Qd1 Nxe4 43. f3 Ng5 44. Qxd4 Nxf3 45. Rxc6 Qxc6 46. Qd8+ Kh7 47. Qd3+ g6 48. Qxf3 Qc2+ 49. Qf2 Qe4+ 50. Qf3 Qxe5 51. Qxf7+ Kh8 52. Qxg6 Qxb2+ 53. Kg1 Qa1+ 54. Kg2 Qb2+ 55. Kg1 Qc1+ 56. Kg2 Qb2+ 57. Kg1 Qa1+ 58. Kg2 Qb2+ 59. Kg1 Qa1+ 60. Kg2 Qa2+ 61. Kg1 Qa1+ 62. Kg2 Qg7 63. Qe8+ Kh7 64. Qxb5 Qa7 65. Qf5+ Kg7 66. Qe5+ Kh7 67. Qe4+ Kg7 68. Qe5+ Kh7 1/2-1/2

[Event "3rd FIDE WCCC Rapid U08 2019"]
[Site "Minsk"]
[Date "2019.08.16"]
[Round "2.2"]
[White "Yeganegi, Barad"]
[Black "Bat-Ochir Zorig"]
[Result "1-0"]
[ECO "E20"]
[WhiteElo "1612"]
[BlackElo "1117"]
[Annotator "NA"]
[PlyCount "43"]
[EventDate "2019.08.16"]
[EventType "swiss"]
[EventCountry "BLR"]
[SourceTitle "playchess.com"]
[Source "ChessBase"]
[SourceQuality "1"]
[TimeControl "600+5"]

1. d4 Nf6 2. c4 e6 3. Nc3 Bb4 4. f3 O-O 5. a3 Bxc3+ 6. bxc3 Qe7 7. e4 d6 8. Bd3 Nbd7 9. Ne2 e5 10. O-O b6 11. Ng3 Nb8 12. Be3 c5 13. Qc2 Nc6 14. d5 Na5 15. Rae1 Ba6 16. Nf5 Qd7 17. Qe2 Rad8 18. Bg5 Nh5 19. f4 Nxf4 20. Qg4 Nxd3 21. Bf6 g6 22. Nh6# 1-0

[Event "3rd FIDE WCCC Rapid U08 2019"]
[Site "Minsk"]
[Date "2019.08.16"]
[Round "2.3"]
[White "Averkiev, Sergei"]
[Black "Bouska, Jiri"]
[Result "0-1"]
[ECO "B32"]
[WhiteElo "1085"]
[BlackElo "1505"]
[Annotator "NA"]
[PlyCount "100"]
[EventDate "2019.08.16"]
[EventType "swiss"]
[EventCountry "BLR"]
[SourceTitle "playchess.com"]
[Source "ChessBase"]
[SourceQuality "1"]
[TimeControl "600+5"]

1. e4 c5 2. Nf3 Nc6 3. d4 cxd4 4. Nxd4 d6 5. Nc3 e6 6. Nf3 Nf6 7. Bg5 Be7 8. Be2 O-O 9. O-O h6 10. Bh4 e5 11. Nd5 Nxd5 12. Bxe7 Ndxe7 13. Bc4 Be6 14. Bd5 Bxd5 15. exd5 Nb4 16. c3 Nbxd5 17. c4 Nf4 18. g3 Nh3+ 19. Kg2 Qc8 20. Qb3 a5 21. Nh4 a4 22. Qa3 g5 23. Nf3 Qc6 24. Kxh3 g4+ 25. Kg2 gxf3+ 26. Kg1 f5 27. Qe3 f4 28. gxf4 Rxf4 29. Kh1 Re4 30. Rg1+ Kf7 31. Qxh6 Rg8 32. Qh7+ Kf8 33. Qh6+ Ke8 34. Rxg8+ Nxg8 35. Qe6+ Kd8 36. Qxg8+ Kc7 37. Qh7+ Kb6 38. b3 Re2 39. bxa4 Rxf2 40. Rb1+ Ka7 41. Qd3 Rd2 42. Qe3+ Rd4 43. Kg1 Ka8 44. Rb5 Rg4+ 45. Kf1 Qxc4+ 46. Ke1 Re4 47. Ra5+ Kb8 48. Qxe4 Qxe4+ 49. Kd1 Qd3+ 50. Kc1 f2 0-1

[Event "3rd FIDE WCCC Rapid U08 2019"]
[Site "Minsk"]
[Date "2019.08.16"]
[Round "2.4"]
[White "Moskvinov, Prokhor"]
[Black "Bianchuk, Gleb"]
[Result "1/2-1/2"]
[ECO "A46"]
[WhiteElo "1357"]
[BlackElo "1112"]
[Annotator "NA"]
[PlyCount "153"]
[EventDate "2019.08.16"]
[EventType "swiss"]
[EventCountry "BLR"]
[SourceTitle "playchess.com"]
[Source "ChessBase"]
[SourceQuality "1"]
[TimeControl "600+5"]

1. d4 Nf6 2. Nf3 e6 3. c4 c5 4. e3 d5 5. Nc3 Na6 6. a3 Bd7 7. dxc5 dxc4 8. Bxc4 Bxc5 9. b4 Bb6 10. Bb2 Rc8 11. Ba2 O-O 12. O-O Nc7 13. Bb1 Ncd5 14. Nxd5 Nxd5 15. Qd3 f5 16. e4 Nf4 17. Qd2 fxe4 18. Bxe4 Bc6 19. Qxd8 Rcxd8 20. Bxc6 bxc6 21. Be5 Nd3 22. Bg3 Nf4 23. Bxf4 Rxf4 24. Rac1 Rd6 25. h3 h6 26. Rfd1 Rxd1+ 27. Rxd1 Bc7 28. Rd7 Rf7 29. Rd4 e5 30. Rc4 Rf6 31. Nd2 Re6 32. Ne4 Bb6 33. Kf1 Kf7 34. f3 g5 35. a4 a5 36. Ke2 axb4 37. Rxb4 c5 38. Rc4 Rc6 39. Kd3 Ke6 40. a5 Bxa5 41. Nxc5+ Kd5 42. Ra4 Rxc5 43. Ra2 Rc3+ 44. Ke2 Rc5 45. Kd3 h5 46. g3 Rc3+ 47. Ke2 Rc5 48. Kd3 Bb6 49. h4 gxh4 50. gxh4 Bd8 51. Rb2 Bxh4 52. Rh2 Be1 53. Rxh5 Bc3 54. f4 Bd4 55. fxe5 Bxe5 56. Rg5 Rc3+ 57. Kd2 Rf3 58. Ke2 Ra3 59. Rg4 Ke6 60. Re4 Kf5 61. Re3 Ra2+ 62. Kf3 Rh2 63. Re2 Rh3+ 64. Kg2 Ra3 65. Rf2+ Kg4 66. Rd2 Bf4 67. Rc2 Rh3 68. Kf1 Kf3 69. Rf2+ Ke3 70. Re2+ Kd3 71. Rg2 Be3 72. Rg4 Rh2 73. Rg3 Ke4 74. Rg2 Rh1+ 75. Ke2 Rh3 76. Rg4+ Kf5 77. Rg2 1/2-1/2

[Event "3rd FIDE WCCC Rapid U08 2019"]
[Site "Minsk"]
[Date "2019.08.16"]
[Round "2.5"]
[White "Belski, Matvei"]
[Black "Samimi, Armin"]
[Result "0-1"]
[ECO "B24"]
[WhiteElo "1069"]
[BlackElo "1478"]
[Annotator "NA"]
[PlyCount "80"]
[EventDate "2019.08.16"]
[EventType "swiss"]
[EventCountry "BLR"]
[SourceTitle "playchess.com"]
[Source "ChessBase"]
[SourceQuality "1"]
[TimeControl "600+5"]

1. e4 c5 2. Nc3 Nc6 3. Nf3 Nf6 4. Bb5 Qc7 5. d3 e6 6. Qe2 Nd4 7. Nxd4 cxd4 8. Nb1 Qa5+ 9. Bd2 Qxb5 10. b3 Be7 11. O-O O-O 12. Qf3 Qh5 13. Qg3 d6 14. Bf4 e5 15. Bd2 Qg4 16. Qxg4 Nxg4 17. f3 Ne3 18. Bxe3 dxe3 19. Re1 Be6 20. Rxe3 Rac8 21. Re2 Rc7 22. Kf2 Rfc8 23. Na3 a6 24. Rc1 d5 25. exd5 Bxa3 26. Rd1 Bxd5 27. Rxe5 Rxc2+ 28. Kg3 Bd6 29. Rde1 f6 30. f4 Rxg2+ 31. Kh3 fxe5 32. fxe5 Be7 33. e6 Rcc2 34. a4 Rxh2+ 35. Kg3 Bd6+ 36. Kg4 h5+ 37. Kg5 Be7+ 38. Kf5 Bf6 39. e7 Rcf2+ 40. Kg6 Bf7# 0-1

[Event "3rd FIDE WCCC Rapid U08 2019"]
[Site "Minsk"]
[Date "2019.08.16"]
[Round "2.6"]
[White "Tsoy, Maxim"]
[Black "Kuts, Alexei"]
[Result "1-0"]
[ECO "C55"]
[WhiteElo "1689"]
[BlackElo "1088"]
[Annotator "NA"]
[PlyCount "53"]
[EventDate "2019.08.16"]
[EventType "swiss"]
[EventCountry "BLR"]
[SourceTitle "playchess.com"]
[Source "ChessBase"]
[SourceQuality "1"]
[TimeControl "600+5"]

1. e4 e5 2. Nf3 Nc6 3. Bc4 Bc5 4. O-O Nf6 5. d4 exd4 6. e5 Ne4 7. Bd5 f5 8. exf6 Nxf6 9. Re1+ Ne7 10. Bb3 d5 11. Nxd4 Bxd4 12. Qxd4 c6 13. Bg5 O-O 14. c4 dxc4 15. Bxc4+ Ned5 16. Nc3 Kh8 17. Nxd5 cxd5 18. Bxf6 Qxf6 19. Qxf6 gxf6 20. Bxd5 Rb8 21. Rac1 b6 22. Rc7 a5 23. Ree7 Bf5 24. g4 Bb1 25. f4 Rg8 26. Bxg8 Rxg8 27. h3 1-0

[Event "3rd FIDE WCCC Rapid U08 2019"]
[Site "Minsk"]
[Date "2019.08.16"]
[Round "3.1"]
[White "Nematolahi, Amirali"]
[Black "Yeganegi, Barad"]
[Result "1/2-1/2"]
[ECO "B21"]
[WhiteElo "1220"]
[BlackElo "1612"]
[Annotator "NA"]
[PlyCount "159"]
[EventDate "2019.08.16"]
[EventType "swiss"]
[EventCountry "BLR"]
[SourceTitle "playchess.com"]
[Source "ChessBase"]
[SourceQuality "1"]
[TimeControl "600+5"]

1. e4 c5 2. d4 cxd4 3. c3 Nf6 4. e5 Nd5 5. cxd4 d6 6. Bc4 Nb6 7. Bb5+ Bd7 8. Bxd7+ Qxd7 9. Nf3 Nc6 10. exd6 Qxd6 11. O-O e6 12. Nc3 Be7 13. Nb5 Qd7 14. Bf4 O-O 15. Be5 Nxe5 16. dxe5 Qxb5 17. Qd4 Rad8 18. Qg4 Qd3 19. h3 Qg6 20. Qf4 Qf5 21. Qe3 Rd3 22. Qe2 Rdd8 23. Qe3 f6 24. Nd4 Qg6 25. Nxe6 Rd3 26. Nxf8 Bxf8 27. Qf4 fxe5 28. Qg4 Qxg4 29. hxg4 Nc4 30. b3 Nb6 31. Rfe1 Nd7 32. Rad1 Rd4 33. f3 Bc5 34. Kh1 Rxd1 35. Rxd1 Nf6 36. g5 Nh5 37. Rd8+ Bf8 38. Rd7 b5 39. Rxa7 Ng3+ 40. Kh2 Nf1+ 41. Kh3 b4 42. Ra5 Bd6 43. Rd5 Bc7 44. Rd7 Bb6 45. Rb7 Bc5 46. Rb8+ Kf7 47. Rb7+ Be7 48. g3 Nd2 49. Kg4 e4 50. fxe4 Nxe4 51. Rb5 Nc3 52. Ra5 Ke6 53. Kf3 Nd5 54. Ke4 Nc3+ 55. Kd3 g6 56. a3 Nd5 57. Ke4 Nc3+ 58. Kd3 Nd5 59. Ke4 Nc3+ 60. Kd3 Nd5 61. Ke4 Nc7 62. Ra7 Nb5 63. Ra6+ Nd6+ 64. Kd3 bxa3 65. Rxa3 Bxg5 66. b4 Be7 67. g4 Kf7 68. Rb3 Nb7 69. Ke4 Ke6 70. Re3 Nd6+ 71. Kd4+ Kd7 72. Kd5 Nb7 73. b5 h5 74. gxh5 gxh5 75. Rh3 h4 76. Ke4 Nd6+ 77. Kf4 Nxb5 78. Kg4 Nd6 79. Rxh4 Bxh4 80. Kxh4 1/2-1/2

[Event "3rd FIDE WCCC Rapid U08 2019"]
[Site "Minsk"]
[Date "2019.08.16"]
[Round "3.2"]
[White "Bouska, Jiri"]
[Black "Radionenko, Gleb"]
[Result "1-0"]
[ECO "B47"]
[WhiteElo "1505"]
[BlackElo "1222"]
[Annotator "NA"]
[PlyCount "39"]
[EventDate "2019.08.16"]
[EventType "swiss"]
[EventCountry "BLR"]
[SourceTitle "playchess.com"]
[Source "ChessBase"]
[SourceQuality "1"]
[TimeControl "600+5"]

1. e4 c5 2. Nf3 e6 3. d4 cxd4 4. Nxd4 Nc6 5. Nc3 Qc7 6. Ndb5 Qb6 7. Be3 Qa5 8. Nd6+ Bxd6 9. Qxd6 Nf6 10. f3 Qb4 11. Qxb4 Nxb4 12. O-O-O Nc6 13. Bc5 b6 14. Ba3 Bb7 15. Nb5 Kd8 16. Nd6 Rg8 17. Nxb7+ Kc8 18. Ba6 Rb8 19. Na5+ Kd8 20. Nxc6+ {[%emt 0:00:02] Ra8} 1-0

[Event "3rd FIDE WCCC Rapid U08 2019"]
[Site "Minsk"]
[Date "2019.08.16"]
[Round "3.3"]
[White "Samimi, Armin"]
[Black "Anuchyn, Serhii"]
[Result "1-0"]
[ECO "C40"]
[WhiteElo "1478"]
[BlackElo "1136"]
[Annotator "NA"]
[PlyCount "111"]
[EventDate "2019.08.16"]
[EventType "swiss"]
[EventCountry "BLR"]
[SourceTitle "playchess.com"]
[Source "ChessBase"]
[SourceQuality "1"]
[TimeControl "600+5"]

1. e4 e5 2. Nf3 d5 3. Nxe5 Bd6 4. d4 dxe4 5. Nc4 Nf6 6. Be3 O-O 7. Be2 Nc6 8. O-O Be6 9. Nc3 Bxc4 10. Bxc4 Re8 11. Qe2 a6 12. a4 Na5 13. Ba2 Nc6 14. Rfe1 Qd7 15. h3 Rad8 16. Rad1 h6 17. Kh1 Bb4 18. Qc4 Bxc3 19. Qxc3 Nd5 20. Qd2 Re6 21. c3 Rg6 22. Qe2 Qf5 23. Bc1 Nf6 24. Bb1 Re8 25. f3 Qa5 26. fxe4 Qxa4 27. e5 Nd5 28. Bxg6 fxg6 29. Qe4 Nde7 30. d5 Qxe4 31. Rxe4 Na7 32. d6 Nf5 33. d7 Rd8 34. Ree1 Kf7 35. e6+ Ke7 36. b3 Nd6 37. Ba3 Nc6 38. Bxd6+ cxd6 39. Rf1 Rf8 40. Rxf8 Kxf8 41. Rxd6 Ke7 42. Rxc6 bxc6 43. Kg1 g5 44. Kf2 g6 45. Ke3 c5 46. Kd3 h5 47. Kc4 g4 48. hxg4 hxg4 49. Kxc5 g3 50. Kc6 g5 51. Kc7 Kxe6 52. d8=Q Kf5 53. Kd6 Kg4 54. Ke5 Kh5 55. Kf5 Kh6 56. Qh8# 1-0

[Event "3rd FIDE WCCC Rapid U08 2019"]
[Site "Minsk"]
[Date "2019.08.16"]
[Round "3.4"]
[White "Achkasov, Egor"]
[Black "Tsoy, Maxim"]
[Result "0-1"]
[ECO "D85"]
[WhiteElo "1208"]
[BlackElo "1689"]
[Annotator "NA"]
[PlyCount "64"]
[EventDate "2019.08.16"]
[EventType "swiss"]
[EventCountry "BLR"]
[SourceTitle "playchess.com"]
[Source "ChessBase"]
[SourceQuality "1"]
[TimeControl "600+5"]

1. d4 Nf6 2. c4 g6 3. Nc3 d5 4. cxd5 Nxd5 5. Nxd5 Qxd5 6. Nf3 Bg7 7. Bf4 Bg4 8. e3 Nc6 9. h3 Bxf3 10. gxf3 Qa5+ 11. Qd2 Nb4 12. Rc1 e5 13. dxe5 Rd8 14. Qc3 Bf8 15. a3 Bc5 16. e6 f6 17. Bg2 Nd3+ 18. Kf1 Qa6 19. Qc4 Nxc1 20. Kg1 Qxc4 21. Kh2 Bd6 22. Bxd6 Rxd6 23. e7 Kxe7 24. e4 Rd2 25. Kg3 Ne2+ 26. Kh2 Qc5 27. Rf1 Qd6+ 28. Kh1 Ng3+ 29. fxg3 Qxg3 30. Rg1 Rxg2 31. Rxg2 Qxh3+ 32. Rh2 Qf1# 0-1

[Event "3rd FIDE WCCC Rapid U08 2019"]
[Site "Minsk"]
[Date "2019.08.16"]
[Round "3.5"]
[White "Baryshnikov, Grigoriy"]
[Black "Nguyen, Nghia Gia Binh"]
[Result "0-1"]
[ECO "C03"]
[WhiteElo "1227"]
[BlackElo "1350"]
[Annotator "NA"]
[PlyCount "70"]
[EventDate "2019.08.16"]
[EventType "swiss"]
[EventCountry "BLR"]
[SourceTitle "playchess.com"]
[Source "ChessBase"]
[SourceQuality "1"]
[TimeControl "600+5"]

1. e4 e6 2. d4 d5 3. Nd2 Be7 4. Ngf3 Nf6 5. Bd3 c5 6. c3 Nc6 7. e5 Nd7 8. O-O cxd4 9. cxd4 Qb6 10. Nb3 h6 11. Bc2 g5 12. h3 Rg8 13. Qd3 Rg7 14. Nh2 Nb4 15. Qd2 Qc6 16. Bd3 f5 17. a3 Nxd3 18. Qxd3 b6 19. Bd2 a5 20. Rac1 Qa4 21. Rc2 Ba6 22. Qf3 Bxf1 23. Nxf1 Kf8 24. Rc3 Kg8 25. Qh5 Kh7 26. f4 Rag8 27. fxg5 Bxg5 28. Bxg5 Rxg5 29. Qf7+ R8g7 30. Qxg7+ Rxg7 31. Nfd2 Qb5 32. Nf3 Qe2 33. g4 fxg4 34. hxg4 Rxg4+ 35. Kh1 Qg2# 0-1

[Event "3rd FIDE WCCC Rapid U08 2019"]
[Site "Minsk"]
[Date "2019.08.16"]
[Round "3.6"]
[White "Korelskiy, Egor"]
[Black "Pogorelov, Vladimir"]
[Result "0-1"]
[ECO "B01"]
[WhiteElo "1362"]
[BlackElo "1182"]
[Annotator "NA"]
[PlyCount "66"]
[EventDate "2019.08.16"]
[EventType "swiss"]
[EventCountry "BLR"]
[SourceTitle "playchess.com"]
[Source "ChessBase"]
[SourceQuality "1"]
[TimeControl "600+5"]

1. e4 d5 2. exd5 Qxd5 3. Nc3 Qa5 4. Nf3 Nf6 5. d4 Bg4 6. Bd2 c6 7. Be2 e6 8. O-O Bd6 9. Ne4 Qc7 10. Nxf6+ gxf6 11. h3 Bxf3 12. Bxf3 Rg8 13. Re1 Nd7 14. c4 c5 15. d5 e5 16. Bh5 O-O-O 17. Bxf7 Rg7 18. Be6 Kb8 19. Qc2 Nf8 20. Bf5 Ng6 21. Bxg6 Rxg6 22. Kh1 Rdg8 23. Rg1 Qg7 24. g3 Qd7 25. Kh2 f5 26. a3 f4 27. b4 fxg3+ 28. fxg3 e4 29. Be1 Qg7 30. Ra2 Bxg3+ 31. Kh1 Bxe1 32. Rxe1 Rg1+ 33. Kh2 Qg3# 0-1

[Event "3rd FIDE WCCC Rapid U08 2019"]
[Site "Minsk"]
[Date "2019.08.16"]
[Round "4.1"]
[White "Usov, Dmitry E."]
[Black "Bouska, Jiri"]
[Result "1-0"]
[ECO "B22"]
[WhiteElo "1331"]
[BlackElo "1505"]
[Annotator "NA"]
[PlyCount "85"]
[EventDate "2019.08.16"]
[EventType "swiss"]
[EventCountry "BLR"]
[SourceTitle "playchess.com"]
[Source "ChessBase"]
[SourceQuality "1"]
[TimeControl "600+5"]

1. e4 c5 2. c3 e5 3. Nf3 Nc6 4. Bb5 Nf6 5. Bxc6 bxc6 6. Nxe5 Qe7 7. d4 cxd4 8. cxd4 Nxe4 9. O-O f6 10. Nc4 d5 11. Ncd2 Nxd2 12. Bxd2 Qc7 13. Re1+ Be7 14. Nc3 O-O 15. Qc2 Bd6 16. h3 Bd7 17. Rac1 Rac8 18. Na4 Be8 19. Nc5 Bg6 20. Qc3 Rfe8 21. Ne6 Qd7 22. Nf4 Bxf4 23. Bxf4 Rxe1+ 24. Rxe1 Qf5 25. Bg3 Re8 26. Rxe8+ Bxe8 27. Kh2 Qd7 28. Qc5 Qb7 29. b3 Kf7 30. b4 Qe7 31. Bd6 Qd7 32. Bg3 Kg8 33. a4 h6 34. a5 a6 35. Qb6 Qc8 36. Qc5 Kf7 37. b5 axb5 38. Qb6 Qa8 39. a6 b4 40. a7 b3 41. Qb8 b2 42. Qxa8 b1=Q 43. Qb8 1-0

[Event "3rd FIDE WCCC Rapid U08 2019"]
[Site "Minsk"]
[Date "2019.08.16"]
[Round "4.2"]
[White "Rose, Noah"]
[Black "Samimi, Armin"]
[Result "1/2-1/2"]
[ECO "B20"]
[WhiteElo "1589"]
[BlackElo "1478"]
[Annotator "NA"]
[PlyCount "121"]
[EventDate "2019.08.16"]
[EventType "swiss"]
[EventCountry "BLR"]
[SourceTitle "playchess.com"]
[Source "ChessBase"]
[SourceQuality "1"]
[TimeControl "600+5"]

1. e4 c5 2. Bc4 Nc6 3. Nc3 Nf6 4. f4 d6 5. h3 g6 6. Nf3 Bg7 7. O-O O-O 8. Qe1 a6 9. Qg3 b5 10. Bd5 Bb7 11. Bxc6 Bxc6 12. d3 Nh5 13. Qg4 Bd7 14. f5 Nf6 15. Qf4 b4 16. Ne2 gxf5 17. exf5 Kh8 18. g4 Bc6 19. g5 Nd5 20. Qh4 h6 21. gxh6 Bf6 22. Ng5 Bxg5 23. Bxg5 Rg8 24. Ng3 f6 25. Bd2 Qd7 26. Kh2 Raf8 27. c4 bxc3 28. bxc3 Qe8 29. c4 Nc7 30. Rg1 Qf7 31. Nh5 Qh7 32. Ng7 Bd7 33. Raf1 Ne8 34. Nxe8 Bxe8 35. Qf4 Rxg1 36. Rxg1 Rg8 37. Rxg8+ Qxg8 38. Qg3 Ba4 39. Qe3 Qh7 40. Qe4 Bd7 41. Qa8+ Qg8 42. Qxg8+ Kxg8 43. Bc3 Bxf5 44. d4 cxd4 45. Bxd4 Be6 46. c5 dxc5 47. Bxc5 Bxa2 48. Bxe7 f5 49. Bg5 Bd5 50. Kg3 a5 51. h4 a4 52. Kf4 Be4 53. Bf6 Kh7 54. Kg5 a3 55. Kh5 Kg8 56. Kg5 a2 57. h5 Kh7 58. Be5 Bf3 59. Kxf5 Bxh5 60. Kg5 Bf7 61. Bd4 1/2-1/2

[Event "3rd FIDE WCCC Rapid U08 2019"]
[Site "Minsk"]
[Date "2019.08.16"]
[Round "4.3"]
[White "Tsoy, Maxim"]
[Black "Saulin, Grigoriy"]
[Result "0-1"]
[ECO "C55"]
[WhiteElo "1689"]
[BlackElo "1117"]
[Annotator "NA"]
[PlyCount "88"]
[EventDate "2019.08.16"]
[EventType "swiss"]
[EventCountry "BLR"]
[SourceTitle "playchess.com"]
[Source "ChessBase"]
[SourceQuality "1"]
[TimeControl "600+5"]

1. e4 e5 2. Nf3 Nc6 3. Bc4 Nf6 4. d3 Be7 5. c3 O-O 6. Nbd2 d5 7. exd5 Nxd5 8. Ne4 Bg4 9. O-O Kh8 10. h3 Bh5 11. Ng3 Bg6 12. Re1 Bf6 13. Ne4 Bxe4 14. Rxe4 Re8 15. Qb3 Na5 16. Qa4 Nxc4 17. Qxc4 c6 18. Bd2 Qc7 19. Rae1 Re7 20. d4 exd4 21. Rxe7 Nxe7 22. Nxd4 Nd5 23. Qe2 h6 24. Qh5 Bxd4 25. cxd4 Kh7 26. Re5 Nf6 27. Qf5+ Kg8 28. Bxh6 Nd5 29. Qg5 f6 30. Qf5 fxe5 31. Qe6+ Qf7 32. Qxe5 gxh6 33. Qg3+ Qg7 34. Qd3 Kh8 35. Qe4 Rf8 36. g3 Qf6 37. f4 Qg7 38. Kh2 Nf6 39. Qf3 Rd8 40. Qe3 Re8 41. Qf3 Qe7 42. Qg2 Qe2 43. Qxe2 Rxe2+ 44. Kg1 Rxb2 0-1

[Event "3rd FIDE WCCC Rapid U08 2019"]
[Site "Minsk"]
[Date "2019.08.16"]
[Round "4.5"]
[White "Bayramli, Rafael"]
[Black "Karimli, Yusif"]
[Result "1-0"]
[ECO "A13"]
[WhiteElo "1514"]
[BlackElo "1658"]
[Annotator "NA"]
[PlyCount "71"]
[EventDate "2019.08.16"]
[EventType "swiss"]
[EventCountry "BLR"]
[SourceTitle "playchess.com"]
[Source "ChessBase"]
[SourceQuality "1"]
[TimeControl "600+5"]

1. c4 e6 2. g3 d5 3. cxd5 exd5 4. d4 Nf6 5. Bg2 c6 6. Nc3 Be7 7. Nf3 Bf5 8. O-O O-O 9. Nh4 Bg4 10. Nf3 Nbd7 11. Bf4 Re8 12. h3 Bf5 13. Nh4 Be6 14. Nf3 Qb6 15. Na4 Qa6 16. Nc3 b6 17. Rc1 Rac8 18. Qa4 Qxa4 19. Nxa4 c5 20. Nc3 c4 21. Nb5 a6 22. Nc7 Red8 23. Nxe6 fxe6 24. Ng5 Nf8 25. Rc2 h6 26. Nf3 N8d7 27. g4 b5 28. a3 a5 29. Ne5 Nxe5 30. Bxe5 b4 31. axb4 axb4 32. Ra1 Ra8 33. Rcc1 Nd7 34. Bg3 Bf6 35. e3 Nb6 36. Bc7 1-0

[Event "3rd FIDE WCCC Rapid U08 2019"]
[Site "Minsk"]
[Date "2019.08.16"]
[Round "4.6"]
[White "Pogorelov, Vladimir"]
[Black "Damodaran, Patrick"]
[Result "0-1"]
[ECO "B02"]
[WhiteElo "1182"]
[BlackElo "1131"]
[Annotator "NA"]
[PlyCount "86"]
[EventDate "2019.08.16"]
[EventType "swiss"]
[EventCountry "BLR"]
[SourceTitle "playchess.com"]
[Source "ChessBase"]
[SourceQuality "1"]
[TimeControl "600+5"]

1. e4 Nf6 2. Nc3 Nc6 3. d4 d6 4. Bb5 Bd7 5. Be3 a6 6. Ba4 g6 7. Nf3 Bg7 8. Qd2 b5 9. Bb3 b4 10. Nd5 Nxe4 11. Qd3 Nf6 12. Bg5 Nxd5 13. Bxd5 h6 14. Bh4 Qc8 15. Qc4 Qb7 16. Bxf7+ Kd8 17. d5 Ne5 18. Nxe5 Bxe5 19. Qe4 Bf5 20. Qe3 Qb6 21. Qxb6 cxb6 22. O-O Rf8 23. Be6 Bxe6 24. dxe6 Bxb2 25. Rad1 g5 26. Bg3 Kc7 27. Rd3 Bc3 28. Rfd1 Rad8 29. a3 a5 30. Rb1 Rf6 31. Re3 Bd4 32. Re4 Bc5 33. a4 h5 34. h3 h4 35. Bh2 Rxf2 36. Kh1 Rdf8 37. Ree1 Rxc2 38. Rf1 Rff2 39. Bg1 Rxg2 40. Rf7 Bxg1 41. Rxe7+ Kd8 42. Rd7+ Ke8 43. Rxg1 Rh2# 0-1

[Event "3rd FIDE WCCC Rapid U08 2019"]
[Site "Minsk"]
[Date "2019.08.17"]
[Round "5.1"]
[White "Gulenko, Zakhar"]
[Black "Nguyen, Nghia Gia Binh"]
[Result "1-0"]
[ECO "A60"]
[WhiteElo "1496"]
[BlackElo "1350"]
[Annotator "NA"]
[PlyCount "103"]
[EventDate "2019.08.16"]
[EventType "swiss"]
[EventCountry "BLR"]
[SourceTitle "playchess.com"]
[Source "ChessBase"]
[SourceQuality "1"]
[TimeControl "600+5"]

1. d4 c5 2. d5 Nf6 3. c4 e6 4. dxe6 fxe6 5. Nc3 Be7 6. Nf3 O-O 7. g3 Nc6 8. Bg2 b6 9. O-O Bb7 10. e4 d6 11. Bg5 h6 12. Be3 Nd7 13. Nd2 Bf6 14. f4 e5 15. f5 Nd4 16. Bxd4 cxd4 17. Nb5 Nc5 18. b4 Na6 19. Rb1 Nc7 20. Na3 Bg5 21. Re1 a5 22. b5 Qe7 23. Rb3 a4 24. Rd3 Be3+ 25. Kh1 Ne8 26. Nf1 Bg5 27. Qe2 Rc8 28. Qf2 Kh7 29. h4 Bf6 30. Nh2 Ba8 31. Ng4 Qb7 32. Rc1 Qe7 33. Nb1 d5 34. exd5 e4 35. Nxf6+ Nxf6 36. Rxd4 Bxd5 37. Re1 Ba8 38. Nd2 Qc5 39. Nxe4 Bxe4 40. Bxe4 Rfd8 41. Bd5 Nxd5 42. cxd5 Rxd5 43. Rf4 Qxb5 44. f6 Rd7 45. f7 Rf8 46. Kh2 Qd5 47. Qc2+ Kh8 48. Re8 Qd6 49. Qc8 Rc7 50. Rxf8+ Kh7 51. Rh8+ Kg6 52. Qg4# 1-0

[Event "3rd FIDE WCCC Rapid U08 2019"]
[Site "Minsk"]
[Date "2019.08.17"]
[Round "5.2"]
[White "Saulin, Grigoriy"]
[Black "Bayramli, Rafael"]
[Result "1/2-1/2"]
[ECO "A11"]
[WhiteElo "1117"]
[BlackElo "1514"]
[Annotator "NA"]
[PlyCount "59"]
[EventDate "2019.08.16"]
[EventType "swiss"]
[EventCountry "BLR"]
[SourceTitle "playchess.com"]
[Source "ChessBase"]
[SourceQuality "1"]
[TimeControl "600+5"]

1. e4 a6 2. d4 b5 3. Nf3 Bb7 4. Bd3 Nf6 5. Nbd2 e6 6. O-O Be7 7. b3 d6 8. Bb2 Nbd7 9. c4 bxc4 10. bxc4 c5 11. d5 e5 12. Ne1 O-O 13. Nc2 Re8 14. Ne3 Bf8 15. Nb3 g6 16. Bc3 Rb8 17. Rb1 Ba8 18. Ng4 Bg7 19. Ba5 Qe7 20. Ne3 Nf8 21. Nd2 Qa7 22. h3 Rxb1 23. Qc2 Nh5 24. g3 Qd7 25. Kh2 Nf6 26. Nf3 h6 27. Nd2 Qa7 28. f4 N6d7 29. f5 Nf6 30. Kg2 1/2-1/2

[Event "3rd FIDE WCCC Rapid U08 2019"]
[Site "Minsk"]
[Date "2019.08.17"]
[Round "5.3"]
[White "Damodaran, Patrick"]
[Black "Usov, Dmitry E."]
[Result "0-1"]
[ECO "D15"]
[WhiteElo "1131"]
[BlackElo "1331"]
[Annotator "NA"]
[PlyCount "66"]
[EventDate "2019.08.16"]
[EventType "swiss"]
[EventCountry "BLR"]
[SourceTitle "playchess.com"]
[Source "ChessBase"]
[SourceQuality "1"]
[TimeControl "600+5"]

1. d4 d5 2. c4 c6 3. Nc3 Nf6 4. Nf3 dxc4 5. e4 b5 6. a4 b4 7. Na2 e6 8. e5 Nd5 9. Bxc4 Bb7 10. O-O Nd7 11. Bg5 Be7 12. Bxe7 Qxe7 13. Qb3 a5 14. Nc1 O-O 15. Ne2 c5 16. Qc2 Rfc8 17. Qd3 cxd4 18. Qxd4 Qc5 19. Qxc5 Rxc5 20. b3 N7b6 21. Nd2 Nxc4 22. Nxc4 Ba6 23. Rac1 Bxc4 24. Rxc4 Rxc4 25. bxc4 Nb6 26. c5 Nxa4 27. c6 h6 28. Nd4 Rc8 29. Rc1 Nc3 30. Ra1 a4 31. Kf1 b3 32. Ne2 b2 33. Re1 b1=Q 0-1

[Event "3rd FIDE WCCC Rapid U08 2019"]
[Site "Minsk"]
[Date "2019.08.17"]
[Round "5.4"]
[White "Rudenko, Taras"]
[Black "Nematolahi, Amirali"]
[Result "0-1"]
[ECO "C00"]
[WhiteElo "1676"]
[BlackElo "1220"]
[Annotator "NA"]
[PlyCount "102"]
[EventDate "2019.08.16"]
[EventType "swiss"]
[EventCountry "BLR"]
[SourceTitle "playchess.com"]
[Source "ChessBase"]
[SourceQuality "1"]
[TimeControl "600+5"]

1. e4 e6 2. d3 d5 3. Nd2 c5 4. g3 Nc6 5. Bg2 Nf6 6. Ngf3 Be7 7. O-O O-O 8. e5 Nd7 9. Re1 Qc7 10. Qe2 f6 11. exf6 Nxf6 12. Bh3 Qd6 13. Bxe6+ Kh8 14. Bxc8 Raxc8 15. Qe6 Qc7 16. Ne5 Nxe5 17. Qxe5 Bd6 18. Qe2 Rce8 19. Qf1 Rxe1 20. Qxe1 Re8 21. Qf1 Re5 22. Nf3 Rh5 23. Bg5 Ng4 24. h3 Nxf2 25. Kxf2 Bxg3+ 26. Kg2 Bh2 27. Nxh2 Rxg5+ 28. Kh1 h6 29. Qf8+ Kh7 30. Rg1 Rh5 31. Qf3 Qe5 32. Qg3 Qf6 33. Qf3 Rf5 34. Qg3 Rg5 35. Qe1 Rh5 36. Qe3 Qc6 37. Rg3 Qf6 38. Rf3 Qxb2 39. Qxc5 Qxa2 40. Qc3 Qb1+ 41. Kg2 Qd1 42. Rg3 Qe2+ 43. Kh1 Qe7 44. d4 Rf5 45. Rf3 Qe4 46. Qd3 Rxf3 47. Qxf3 Qxc2 48. Qxd5 Qd1+ 49. Kg2 Qe2+ 50. Kg3 Qe1+ 51. Kg4 Qg1+ 0-1